Map: Odyssey LE

Players

Yata

  • Race: Zerg Zerg
  • League: Platinum
  • Spawn Location: 11:00

PREAHLANY - Winner!

  • Race: Zerg Zerg
  • League: Platinum
  • Spawn Location: 5:00

VOD

Have the link to the VOD?

Description

Time

  • Played on: Oct. 11, 2017, 7:53 p.m.
  • Length: 13:47
Show
View Real Time Build Order
Export as new Build Order

Yata Zerg 

Build Orders: Hatch First, Zergling Baneling 

Get SALT Encoding   

  12  0:01  Drone  
  13  0:12  Overlord  
  13  0:16  Drone  
  14  0:31  Drone x2  
  14  0:35  Drone  
  17  0:55  Hatchery  
  16  0:57  Drone  
  16  0:59  Drone  
  18  1:11  Extractor  
  18  1:15  Spawning Pool  
  18  1:17  Drone  
  17  1:21  Drone  
  18  1:28  Drone  
  19  1:43  Overlord  
  19  1:51  Drone  
  20  2:01  Queen  
  20  2:06  Queen  
  20  2:07  Zergling x4  
  26  2:13  Metabolic Boost  
  26  2:16  Drone  
  26  2:17  Evolution Chamber  
  26  2:20  Drone  
  27  2:23  Drone  
  28  2:34  Baneling Nest  
  27  2:40  Zergling x4  
  29  2:45  Drone  
  29  2:46  Drone  
  29  2:49  Overlord  
  31  3:02  Drone x2  
  33  3:22  Zergling x2  
  33  3:23  Zergling x12  
  33  3:26  Drone x2  
  41  3:42  Baneling  
  41  3:43  Baneling x3  
  40  3:49  Drone x2  
  40  3:50  Drone x2  
  40  3:53  Overlord  
  44  3:57  Baneling x4  
  44  4:12  Zergling x14  
  50  4:25  Zergling x4  
  44  4:47  Zergling x8  
  44  4:48  Zergling x4  
  44  4:52  Drone  
  50  5:00  Baneling x4  
  50  5:02  Overlord  
  50  5:03  Overlord  
  50  5:04  Hatchery  
  50  5:07  Zergling x2  
  50  5:12  Drone  
  51  5:15  Zerg Melee Weapons Level 1  
  51  5:29  Extractor  
  51  5:30  Drone x3  
  51  5:31  Extractor, Drone x3  
  51  5:32  Drone  
  56  5:37  Zergling x2  
  44  5:50  Zergling x8  
  44  5:56  Drone x4  
  52  6:09  Queen  
  54  6:13  Zergling x4  
  56  6:20  Lair  
  56  6:22  Roach Warren  
  56  6:25  Zergling x16  
  62  6:27  Overlord  
  62  6:28  Overlord  
  63  6:40  Zergling x4  
  63  7:01  Zergling x8  
  59  7:02  Zergling x12  
  65  7:13  Queen  
  67  7:16  Drone x4  
  67  7:22  Glial Reconstitution, Zerg Missile Weapons Level 1  
  71  7:24  Roach x2  
  71  7:25  Roach x3  
  81  7:33  Drone  
  82  7:39  Baneling x6  
  75  7:54  Roach x3  
  75  7:55  Roach x2  
  81  7:58  Zergling x2  
  81  7:59  Overlord x5  
  82  8:10  Roach x2  
  81  8:18  Roach x5  
  88  8:29  Drone  
  88  8:30  Drone x4  
  88  8:33  Unknown  
  93  8:34  Roach  
  93  8:35  Roach  
  93  8:36  Overlord  
  97  8:45  Roach x2  
  101  8:51  Drone  
  101  8:54  Roach x3  
  108  8:59  Zergling x10  
  113  9:06  Roach  
  115  9:30  Roach x7  
  127  9:40  Roach  
  127  9:41  Roach  
  124  9:53  Roach x3  
  130  10:00  Overlord x2, Unknown x3  
  130  10:01  Overlord x3  
  130  10:02  Zerg Missile Weapons Level 2  
  130  10:03  Centrifical Hooks  
  130  10:07  Overlord x5  
  130  10:18  Queen  
  136  10:21  Roach x3  
  136  10:23  Ravager x3  
  136  10:24  Ravager x4  
  136  10:25  Roach  
  136  10:26  Roach  
  149  10:34  Ravager  
  139  10:40  Roach  
  139  10:41  Roach  
  143  10:52  Roach x2  
  143  10:53  Roach x2  
  151  11:10  Hydralisk Den  
  150  11:14  Overseer  
  150  11:20  Extractor  
  153  11:25  Roach x2  
  153  11:26  Roach x3  
  159  11:32  Hatchery  
  106  11:54  Roach  
  106  11:55  Roach x10  
  128  12:02  Overseer  
  128  12:04  Overseer  
  128  12:14  Roach, Zergling x6  
  128  12:15  Roach x4  
  123  12:31  Roach x2  
  123  12:32  Roach x4  
  122  12:42  Roach x2  
  85  12:49  Zergling x4  
  54  13:10  Roach x6  
  58  13:17  Roach  
  60  13:28  Zergling x4  
Show
View Real Time Build Order
Export as new Build Order

PREAHLANY Zerg - Winner!

Build Orders: Pool First, Lurkers 

Get SALT Encoding   

  12  0:08  Overlord  
  12  0:15  Drone  
  12  0:17  Drone  
  14  0:28  Drone  
  15  0:33  Drone  
  16  0:42  Drone  
  17  0:52  Drone  
  18  1:02  Spawning Pool  
  18  1:03  Extractor  
  16  1:05  Overlord  
  16  1:18  Drone  
  17  1:24  Drone  
  18  1:37  Drone  
  19  1:49  Queen  
  19  1:50  Hatchery  
  19  1:53  Drone  
  21  1:58  Drone  
  22  2:14  Hatchery  
  21  2:15  Metabolic Boost  
  21  2:26  Queen  
  23  2:30  Drone  
  23  2:32  Drone  
  25  2:47  Zergling x4, Spine Crawler  
  26  2:53  Zergling x2  
  27  2:59  Zergling x6  
  30  3:25  Queen  
  30  3:26  Overlord  
  32  3:28  Drone x4  
  36  3:50  Drone x2  
  36  3:51  Drone x2  
  40  3:55  Drone  
  40  3:56  Drone x3  
  40  3:57  Spine Crawler  
  43  4:04  Spine Crawler  
  42  4:11  Spine Crawler  
  41  4:20  Baneling Nest  
  40  4:24  Spine Crawler  
  35  4:55  Zergling x2  
  35  4:56  Zergling x10  
  41  5:02  Queen  
  43  5:07  Spine Crawler  
  43  5:08  Overlord, Spine Crawler, Queen  
  43  5:09  Queen  
  43  5:12  Baneling x2  
  45  5:20  Drone x3  
  48  5:27  Drone x2  
  49  5:58  Overlord  
  49  5:59  Drone  
  49  6:01  Lair  
  49  6:03  Extractor  
  49  6:07  Drone x4  
  49  6:10  Drone x4  
  57  6:12  Baneling x2  
  57  6:13  Baneling x3  
  57  6:19  Drone x3  
  60  6:26  Pneumatized Carapace  
  60  6:37  Hatchery  
  59  6:45  Drone x3  
  59  6:46  Drone x3  
  65  6:48  Extractor  
  65  6:49  Extractor  
  63  6:54  Drone  
  63  6:59  Evolution Chamber  
  60  7:07  Zergling x8  
  60  7:08  Zergling x2  
  63  7:12  Baneling x2  
  63  7:13  Baneling x3  
  63  7:15  Zergling x4  
  65  7:17  Overlord x2  
  65  7:26  Zerg Ground Armor Level 1  
  65  7:27  Hydralisk Den  
  64  7:34  Drone  
  65  7:40  Overseer x2  
  65  7:56  Centrifical Hooks  
  58  8:22  Lurker Den  
  58  8:27  Spire  
  57  8:28  Queen  
  59  8:42  Hydralisk x5  
  59  8:43  Hydralisk x2  
  73  8:50  Drone x6  
  73  8:51  Drone x9  
  88  8:59  Overlord x3  
  88  9:19  Hydralisk  
  88  9:20  Hydralisk x4  
  88  9:21  Zergling x10  
  101  9:30  Hydralisk x2  
  101  9:31  Hydralisk  
  105  9:50  Lurker x2  
  105  9:53  Overlord x2  
  105  9:54  Overlord  
  96  10:37  Zergling x2  
  96  10:38  Zergling x26  
  96  10:39  Zergling x30  
  121  10:52  Overlord  
  121  10:53  Overlord x2  
  121  11:02  Overlord  
  121  11:03  Infestation Pit, Overlord x2  
  120  11:16  Lurker  
  120  11:17  Lurker x4  
  125  11:19  Hydralisk x4  
  129  11:40  Muscular Augments  
  101  11:54  Zergling x2  
  101  11:55  Zergling x26  
  115  12:13  Hatchery  
  114  12:17  Hydralisk x3  
  114  12:20  Baneling x2  
  98  12:46  Hydralisk x2  
  98  12:47  Hydralisk x3  
  98  12:51  Lurker x2  
Tags
 
Add a new tag
Caveats
  • Supply blocks, unpowered buildings, or Contaminate may cause inaccurate times.
  • Supply counts are checked every 10 seconds.